 Dungeon Crawl Stone Soup version 0.25-a0-1136-gc1285e62ab (webtiles) character file.

Game seed: 17892904465513823239, levelgen mode: deterministic

6 P0NYSLAYSTATION the Cudgeler (level 1, 0/20 HPs)
             Began as a Minotaur Monk on May 23, 2020.
             Slain by Jessica (4 damage)
             ... on level 2 of the Dungeon.
             The game lasted 00:00:42 (121 turns).

P0NYSLAYSTATION the Cudgeler (Minotaur Monk)         Turns: 121, Time: 00:00:43

Health: 0/20       AC:  2    Str: 15    XL:     1   Next: 75%
Magic:  0/0        EV: 13    Int:  7    God:
Gold:   14         SH:  0    Dex: 12    Spells: 0/0 levels left

rFire    . . .     SeeInvis .   a - +0 mace
rCold    . . .     Gourm    .   (no shield)
rNeg     . . .     Faith    .   b - +0 robe
rPois    .         Spirit   .   (helmet restricted)
rElec    .         Reflect  .   (no cloak)
rCorr    .         Harm     .   (no gloves)
MR       .....                  (no boots)
Stlth    ++........             (no amulet)
HPRegen  0.06/turn              (no ring)
MPRegen  0.07/turn              (no ring)

@: slowed, very slow
A: retaliatory headbutt, horns 2
a: no special abilities


You were on level 2 of the Dungeon.
You were not hungry.

You visited 1 branch of the dungeon, and saw 2 of its levels.

You collected 14 gold pieces.

Inventory:

Hand Weapons
 a - a +0 mace (weapon)
Armour
 b - a +0 robe (worn)
 g - a +0 leather armour
Jewellery
 e - a cursed -4 ring of dexterity {unknown}
Potions
 d - a potion of magic {unknown}
 f - a potion of might {unknown}
Comestibles
 c - 2 rations


   Skills:
 + Level 3.8 Fighting
 + Level 3.8 Maces & Flails
 + Level 3.4 Dodging
 + Level 1.5 Stealth


You couldn't memorise any spells.
You didn't know any spells.
Your spell library was empty.

Dungeon Overview and Level Annotations

Branches:
Dungeon (2/15)

Altars:

Annotations:
D:2 Jessica


Innate Abilities, Weirdness & Mutations

You reflexively headbutt those who attack you in melee.
You have a pair of horns on your head.


Message History

You kill the rat!
Jessica casts a spell.
Jessica blinks!
Jessica casts a spell.
Jessica seems to speed up.
You hit the hobgoblin but do no damage.
The hobgoblin hits you with a cursed -3 club.
You closely miss the hobgoblin. Your headbutt misses the hobgoblin.
Jessica casts a spell at you.
You feel yourself slow down. The hobgoblin closely misses you.
Jessica gestures at you while chanting. Pain shoots through your body!
Ouch! That really hurt!
* * * LOW HITPOINT WARNING * * *
The hobgoblin closely misses you. You furiously retaliate!
You headbutt the hobgoblin!
You kill the hobgoblin!
There is an open door here.
Jessica hits you.
You die...

#<#.# #....... #.#.#
#....... #.#.#####
#....... #.#.....#
#....... . ######.#.###.#
######.# .! #............#
#.#
...#.####.####..########..
.....#..#.#........#......
#....>..#@#........#.###..
......†)@.#........#.# #..
#.......###........'.# ###
##....).# #........###
#......# #........#
....%...# #.....(..#
#.......# #........#
#.##+#### #....>...# #
#.########


You could see Jessica (fast).

Vanquished Creatures
  A hobgoblin (D:2)
  2 bats
  3 kobolds
  A rat (D:2)
7 creatures vanquished.

Notes
Turn   | Place    | Note
-------+----------+-------------------------------------------
     0 | D:1      | P0NYSLAYSTATION the Minotaur Monk began the quest for the
                  | Orb.
     0 | D:1      | Reached XP level 1. HP: 19/19 MP: 0/0
   110 | D:2      | Noticed Jessica
   121 | D:2      | Slain by Jessica

Illustrated notes

Levels and vault maps discovered:
D:1:      minmay_arrival_five_plusses, layout_rooms, serial_rivers,
          chequers_serial_rivers_small_a, chequers_serial_rivers_micro_c,
          chequers_serial_rivers_small_3, chequers_serial_rivers_micro_b
D:2:      layout_basic, minitemple, first_ration, tgw_xom, uniq_jessica

Action                   || total
-------------------------++-------
Melee: Mace              ||    13
       Headbutt          ||     1
 Stab: Sleeping          ||     1
Armor: Robe              ||     2
Dodge: Dodged            ||    17

Table legend:
 A = Non-vault XP
 B = Vault XP
 C = Vault XP percentage of total XP
 D = Non-vault monster count
 E = Vault monster count
 F = Vault count percentage of total count
                 A         B        C        D         E       F
            +---------+---------+-------+---------+---------+-------
      Total |       9 |       0 |   0.0 |       7 |       0 |   0.0
            +---------+---------+-------+---------+---------+-------
        D:1 |       2 |       0 |   0.0 |       2 |       0 |   0.0
        D:2 |       7 |       0 |   0.0 |       5 |       0 |   0.0
            +---------+---------+-------+---------+---------+-------
